 Dungeon Crawl Stone Soup version 0.31.0-9-g3a7656b989 (webtiles) character file.

Game seed: 8597077766058288668

2775 tadhg the Thaumaturge (level 9, -2/40 HPs)
             Began as a Deep Elf Conjurer on Feb 5, 2024.
             Was a Follower of Hepliaklqana.
             Killed from afar by a larval batshock beast (15 damage)
             ... with a living lightning
             ... on level 7 of the Dungeon.
             The game lasted 00:16:31 (6936 turns).

tadhg the Thaumaturge (Deep Elf Conjurer)           Turns: 6936, Time: 00:16:32

Health: -2/40      AC:  6    Str:  4    XL:     9   Next: 42%
Magic:  24/24      EV: 12    Int: 34    God:    Hepliaklqana [*.....]
Gold:   334        SH:  0    Dex: 13    Spells: 16/27 levels left

rFire   . . .        e - +0 dagger
rCold   . . .        (no shield)
rNeg    + . .        x - +2 robe
rPois   .            (no helmet)
rElec   .            (no cloak)
rCorr   .            (no gloves)
SInv    .            k - +1 pair of boots
Will    .....        l - amulet of magic regeneration
Stlth   ++           g - ring of positive energy
HPRegen 0.26/turn    i - +6 ring of intelligence
MPRegen 0.59/turn

%: no passive effects
@: no status effects
A: reduced essence
a: Renounce Religion, Recall Ancestor, Ancestor Identity


You were on level 7 of the Dungeon.
You worshipped Hepliaklqana.
Hepliaklqana was aware of your devotion.
You visited 2 branches of the dungeon, and saw 8 of its levels.
You also visited: Sewer and Ossuary.

You collected 467 gold pieces.
You spent 133 gold pieces at shops.

Inventory:

Hand Weapons
 e - a +0 dagger (weapon)
Missiles
 t - a throwing net
Armour
 a - a +0 robe
 k - a +1 pair of boots (worn)
 x - a +2 robe (worn)
Jewellery
 g - a ring of positive energy (left hand)
 i - a +6 ring of intelligence (right hand)
 l - an amulet of magic regeneration (around neck)
 r - a +6 ring of dexterity
 s - an amulet of regeneration
Wands
 q - a wand of charming (11)
Scrolls
 h - a scroll of butterflies
 j - 2 scrolls of blinking
 u - 4 scrolls of teleportation
 w - a scroll of fear
Potions
 b - 5 potions of degeneration
 c - 5 potions of haste
 d - 4 potions of heal wounds
 f - 3 potions of curing
 m - 4 potions of resistance
 n - 2 potions of brilliance
 o - 2 potions of mutation
 p - 3 potions of might
 v - 2 potions of magic


   Skills:
 - Level 2.4 Dodging
 - Level 2.4 Stealth
 + Level 9.7 Spellcasting
 + Level 8.9 Conjurations
 - Level 6.5 Translocations
 - Level 6.0 Alchemy


You had 16 spell levels left.
You knew the following spells:

 Your Spells              Type           Power      Damage    Failure   Level
a - Magic Dart            Conj           100%       1d8       1%          1
b - Searing Ray           Conj           100%       2d8       1%          2
c - Iskenderun's Mystic   Conj/Tloc      62%        2d13      1%          4
d - Fulminant Prism       Conj/Alch      30%        3d16      1%          4

Your spell library contained the following spells:

 Spells                   Type           Power      Damage    Failure   Level
 Animate Dead             Necr           16%        N/A       26%         4
 Borgnjor's Vile Clutch   Necr/Erth      8%         N/A       58%         5
 Death Channel            Necr           8%         N/A       99%         6


Dungeon Overview and Level Annotations

Branches:
Dungeon (7/15)             Temple (1/1) D:7           Sewer (visited)
Ossuary (visited)

Altars:
Dithmenos
Elyvilon
Fedhas
Hepliaklqana
Kikubaaqudgha
Nemelex Xobeh
Okawaru
Ru
Trog
Uskayaw
Vehumet
Wu Jian
Xom
Yredelemnul
The Shining One

Shops:
D:2 *


Message History

The living lightning hits Heart-Under-Blade!
The living lightning hits you!!
Ouch! That really hurt!
The larval batshock beast blinks! x3
The larval batsting beast hits your fulminant prism!
The larval batsting beast stings your fulminant prism.
The larval oxweird beast barely misses Heart-Under-Blade. x2
Heart-Under-Blade hits the larval oxweird beast but does no damage.
The larval oxweird beast barely misses Heart-Under-Blade.
The larval oxweird beast tramples Heart-Under-Blade.
Heart-Under-Blade holds her ground!
Heart-Under-Blade hits the larval oxweird beast but does no damage.
Your fulminant prism crackles loudly.
Something hits your fulminant prism.
Your fulminant prism explodes!
The blast of energy engulfs the larval oxweird beast!
The larval oxweird beast is almost dead.
The larval oxweird beast closely misses Heart-Under-Blade.
The larval oxweird beast barely misses Heart-Under-Blade.
A juvenile shockox beast comes into view.
Heart-Under-Blade hits the larval oxweird beast but does no damage.
There are monsters nearby!
Something barely misses Heart-Under-Blade.
Something tramples Heart-Under-Blade but does no damage.
Items here: (( ))) †.
A larval oxweird beast is nearby!
The larval oxweird beast hits Heart-Under-Blade!
The larval oxweird beast closely misses Heart-Under-Blade.
Things that are here:
a +0 dagger; a stone
There is an open door here.
The larval batshock beast barely misses Heart-Under-Blade.
The larval batshock beast bursts into living lightning!
The living lightning hits Heart-Under-Blade!
The living lightning hits you!
* * * LOW HITPOINT WARNING * * *
The larval batshock beast blinks!
The larval batshock beast bursts into living lightning!
The living lightning hits you!
You die...

#..................#
#......#.#....#.##.#
#...§#.#.#.##.#....#
#....#...........#.#
#....H..##.#.#.#.#.##
#.....#....#.#.#.....
#....R#.............#
####....#.#.>.#.##.##
#@##.#[#...#....##
#.H......#....#...
#...#.##.#.##.#.+>
##...#...........##
#..#....##.#.#.#.##
#..#.##....#.#.#..#
#.................#
#..[.###..........#
##..## ############


You could see the friendly Heart-Under-Blade the ancestor and 2 mutant beasts.

Vanquished Creatures
  Grinder (D:4)
  A water moccasin (D:6)
  An ice beast (D:5)
  3 ogres
  Blork the orc (D:5)
  A kobold brigand (D:7)
  A weeping skull (Ossuary)
  2 bullfrogs (Sewer)
  2 scorpions
  9 water moccasin zombies (Ossuary)
  4 wights (D:6)
  2 howler monkeys
  4 hounds
  3 orc priests
  A gnoll bouda (D:6)
  3 iguanas
  A jelly (D:6)
  A sleepcap (D:6)
  3 orc wizards
  2 crocodile zombies (Ossuary)
  2 mummies (Ossuary)
  6 gnolls (D:6)
  6 adders
  4 river rats (Sewer)
  2 white imps
  2 ufetubi (D:5)
  4 adder zombies (Ossuary)
  2 dart slugs (D:2)
  A ribbon worm (D:2)
  14 orcs
  16 ball pythons
  2 bats (D:1)
  5 endoplasms
  2 giant cockroaches
  7 goblins
  5 hobgoblins
  4 jackals
  A quokka (D:1)
  7 frilled lizards
  9 gnoll zombies (Ossuary)
  2 jackal zombies (Ossuary)
  10 kobolds
  6 orc zombies (Ossuary)
  25 rats
190 creatures vanquished.

Vanquished Creatures (collateral kills)
  A wight (D:6)
  A gnoll (D:6)
2 creatures vanquished.

Vanquished Creatures (others)
  An ancestor (Sewer)
  7 fulminant prisms
8 creatures vanquished.

Grand Total: 200 creatures vanquished

Notes
Turn   | Place    | Note
-------+----------+-------------------------------------------
     0 | D:1      | tadhg the Deep Elf Conjurer began the quest for the Orb.
     0 | D:1      | Reached XP level 1. HP: 10/10 MP: 6/6
   245 | D:1      | Reached skill level 1 in Translocations
   371 | D:1      | Reached XP level 2. HP: 15/15 MP: 5/8
   946 | D:2      | Learned a level 2 spell: Searing Ray
  1096 | D:2      | Found Cirphoack's General Store.
  1107 | D:2      | Bought a scroll of blinking for 105 gold pieces
  1107 | D:2      | Bought a scroll of identify for 28 gold pieces
  1232 | D:2      | Reached XP level 3. HP: 11/19 MP: 3/10
  1769 | D:3      | Reached skill level 4 in Spellcasting
  1769 | D:3      | Reached XP level 4. HP: 24/24 MP: 6/12
  1866 | D:3      | Reached skill level 5 in Conjurations
  2510 | D:3      | Reached XP level 5. HP: 28/28 MP: 11/13
  2612 | D:3      | Learned a level 4 spell: Iskenderun's Mystic Blast
  2629 | D:4      | Noticed Grinder
  2838 | D:4      | Paralysed by Grinder for 2 turns
  2845 | D:4      | Paralysed by Grinder for 3 turns
  2848 | D:4      | Found a sand-covered staircase.
  2855 | Ossuary  | Entered an ossuary
  2921 | Ossuary  | Reached XP level 6. HP: 19/32 MP: 1/15
  2927 | Ossuary  | Reached skill level 5 in Spellcasting
  3023 | Ossuary  | Reached skill level 5 in Translocations
  3272 | Ossuary  | Reached XP level 7. HP: 34/36 MP: 7/17
  3273 | Ossuary  | Reached skill level 6 in Spellcasting
  3766 | D:4      | Killed Grinder
  3767 | D:4      | Reached skill level 7 in Spellcasting
  3767 | D:4      | Reached XP level 8. HP: 41/41 MP: 8/20
  3920 | D:4      | Found a hazy altar of Hepliaklqana.
  3970 | D:4      | Found a hide-covered altar of Uskayaw.
  4623 | D:4      | Became a worshipper of Hepliaklqana the Forgotten
  4637 | D:5      | Entered Level 5 of the Dungeon
  4660 | D:5      | Reached skill level 1 in Alchemy
  4837 | D:5      | Found a white marble altar of Elyvilon.
  4895 | D:5      | Noticed Blork the orc
  4906 | D:5      | Killed Blork the orc
  4941 | D:5      | Reached skill level 8 in Spellcasting
  5372 | D:5      | Found a glowing drain.
  5380 | Sewer    | Entered a sewer
  5553 | Sewer    | Reached * piety under Hepliaklqana
  5584 | Sewer    | Learned a level 4 spell: Fulminant Prism
  6060 | D:6      | Reached skill level 5 in Alchemy
  6060 | D:6      | Reached XP level 9. HP: 40/40 MP: 18/23
  6280 | D:6      | Reached skill level 9 in Spellcasting
  6613 | D:6      | Found a blossoming altar of Fedhas.
  6616 | D:6      | Found an iron altar of Okawaru.
  6620 | D:6      | Found an ancient bone altar of Kikubaaqudgha.
  6815 | D:7      | Found a staircase to the Ecumenical Temple.
  6835 | Temple   | Entered the Ecumenical Temple
  6923 | D:7      | Noticed a juvenile shockox beast
  6936 | D:7      | Killed from afar by a larval batshock beast

Illustrated notes

Levels and vault maps discovered:
D:1:      wheals_arrival_linesprint, layout_loops_ring
D:2:      layout_rooms, serial_shops, nicolae_diamond_shop
D:3:      layout_loops_ring
D:4:      layout_gridville, jmf_multi_god_temple, chequers_ossuary_entry_cave,
          uniq_grinder
D:5:      layout_loops_ring, elyvilon_altar_3,
          mainiacjoe_sewer_entry_somewhere_in_here_1, chequers_avenue,
          uniq_blork_the_orc
D:6:      layout_basic, grunt_temple_overflow_diamond
D:7:      layout_basic, grunt_temple_overflow_gold_and_silver,
          minmay_temple_entry_ruins, nicolae_beast_mode
Temple:   nicolae_temple_cloud_nine

Skill      XL: |  1  2  3  4  5  6  7  8  9 |
---------------+----------------------------+-----
Translocations | 1 2 3 4 5 6 |  6.5
Spellcasting   | 4 5 7 8 9 |  9.7
Conjurations   | 5 6 7 8 |  8.9
Alchemy        | 5 6 |  6.0
Dodging        | |  2.4
Stealth        | |  2.4

Action                     |  1- 3 |  4- 6 |  7- 9 || total
---------------------------+-------+-------+-------++-------
  Melee: Dagger            |       |     5 |       ||     5
   Cast: Magic Dart        |    57 |    45 |   143 ||   245
         Searing Ray       |     4 |    14 |    33 ||    51
         Iskenderun's Myst |       |     4 |    15 ||    19
         Fulminant Prism   |       |       |     7 ||     7
 Invoke: Ancestor Identity |       |       |     1 ||     1
    Use: Scroll            |     5 |     3 |     9 ||    17
         Potion            |       |     1 |       ||     1
 Armour: Robe              |     4 |    29 |    31 ||    64
  Dodge: Dodged            |     1 |    22 |    24 ||    47
